Workbook

Sheet Income statement
B2: Northern Travel plc 5-years income statements 2018-2022
D3: 2018 | E3: 2019 | F3: 2020 | G3: 2021 | H3: 2022
D4: £000s | E4: £000s | F4: £000s | G4: £000s | H4: £000s
C5: Sales revenue ( 80% credit, 20% cash) | D5: 235000 | E5: 240000 | F5: 245000 | G5: 250000 | H5: 300000
C6: Cost of sales | D6: 155100 | E6: 156000 | F6: 165000 | G6: 175000 | H6: 204000
C7: Gross profit | D7: =D5-D6 -> 79900 | E7: =E5-E6 -> 84000 | F7: =F5-F6 -> 80000 | G7: =G5-G6 -> 75000 | H7: =H5-H6 -> 96000
C8: Operating costs | D8: 37500 | E8: 39000 | F8: 40000 | G8: 38500 | H8: 67450
C9: Operating profit | D9: =D7-D8 -> 42400 | E9: =E7-E8 -> 45000 | F9: =F7-F8 -> 40000 | G9: =G7-G8 -> 36500 | H9: =H7-H8 -> 28550
C10: Other income | D10: 4200 | E10: 3200 | F10: 3100 | G10: 3500 | H10: 3450
C11: Total income | D11: =D9+D10 -> 46600 | E11: =E9+E10 -> 48200 | F11: =F9+F10 -> 43100 | G11: =G9+G10 -> 40000 | H11: =H9+H10 -> 32000
C12: Finance costs | D12: 10000 | E12: 10000 | F12: 10000 | G12: 10000 | H12: 15000
C13: Profit before taxation | D13: =D11-D12 -> 36600 | E13: =E11-E12 -> 38200 | F13: =F11-F12 -> 33100 | G13: =G11-G12 -> 30000 | H13: =H11-H12 -> 17000
C14: Taxation | D14: 6800 | E14: 7200 | F14: 6500 | G14: 6000 | H14: 5000
C15: Profit for year distributable to shareholders | D15: =D13-D14 -> 29800 | E15: =E13-E14 -> 31000 | F15: =F13-F14 -> 26600 | G15: =G13-G14 -> 24000 | H15: =H13-H14 -> 12000
C16: Dividends | D16: 9000 | E16: 10000 | F16: 8000 | G16: 12000 | H16: 0
C17: Retained profit to reserves | D17: =D15-D16 -> 20800 | E17: =E15-E16 -> 21000 | F17: =F15-F16 -> 18600 | G17: =G15-G16 -> 12000 | H17: =H15-H16 -> 12000
C19: Other information:
C20: Average share price for the year | D20: 143 | E20: 141 | F20: 140 | G20: 144 | H20: 162
C21: Number of ordinary shares | D21: 150000 | E21: 150000 | F21: 150000 | G21: 150000 | H21: 150000

Sheet Income statement with % change
A1: Northern Travel plc 5-years income statements 2018-2022
C2: 2018 | D2: % change | E2: 2019 | F2: % change | G2: 2020 | H2: % change | I2: 2021 | J2: % change | K2: 2022 | L2: Average % change
C3: £000s | E3: £000s | G3: £000s | I3: £000s | K3: £000s
B4: Sales revenue ( 80% credit, 20% cash) | C4: 235000 | D4: =(E4-C4)/C4*100 -> 2.1276596 | E4: 240000 | F4: =(G4-E4)/E4*100 -> 2.0833333 | G4: 245000 | H4: =(I4-G4)/G4*100 -> 2.0408163 | I4: 250000 | J4: =(K4-I4)/I4*100 -> 20 | K4: 300000 | L4: =AVERAGE(D4,F4,H4,J4) -> 6.5629523
B5: Cost of sales | C5: 155100 | D5: =(E5-C5)/C5*100 -> 0.58027079 | E5: 156000 | F5: =(G5-E5)/E5*100 -> 5.7692308 | G5: 165000 | H5: =(I5-G5)/G5*100 -> 6.0606061 | I5: 175000 | J5: =(K5-I5)/I5*100 -> 16.571429 | K5: 204000 | L5: =AVERAGE(D5,F5,H5,J5) -> 7.245384
B6: Gross profit | C6: =C4-C5 -> 79900 | D6: =(E6-C6)/C6*100 -> 5.1314143 | E6: =E4-E5 -> 84000 | F6: =(G6-E6)/E6*100 -> -4.7619048 | G6: =G4-G5 -> 80000 | H6: =(I6-G6)/G6*100 -> -6.25 | I6: =I4-I5 -> 75000 | J6: =(K6-I6)/I6*100 -> 28 | K6: =K4-K5 -> 96000 | L6: =AVERAGE(D6,F6,H6,J6) -> 5.5298774
B7: Operating costs | C7: 37500 | D7: =(E7-C7)/C7*100 -> 4 | E7: 39000 | F7: =(G7-E7)/E7*100 -> 2.5641026 | G7: 40000 | H7: =(I7-G7)/G7*100 -> -3.75 | I7: 38500 | J7: =(K7-I7)/I7*100 -> 75.194805 | K7: 67450 | L7: =AVERAGE(D7,F7,H7,J7) -> 19.502227
B8: Operating profit | C8: =C6-C7 -> 42400 | D8: =(E8-C8)/C8*100 -> 6.1320755 | E8: =E6-E7 -> 45000 | F8: =(G8-E8)/E8*100 -> -11.111111 | G8: =G6-G7 -> 40000 | H8: =(I8-G8)/G8*100 -> -8.75 | I8: =I6-I7 -> 36500 | J8: =(K8-I8)/I8*100 -> -21.780822 | K8: =K6-K7 -> 28550 | L8: =AVERAGE(D8,F8,H8,J8) -> -8.8774644
B9: Other income | C9: 4200 | D9: =(E9-C9)/C9*100 -> -23.809524 | E9: 3200 | F9: =(G9-E9)/E9*100 -> -3.125 | G9: 3100 | H9: =(I9-G9)/G9*100 -> 12.903226 | I9: 3500 | J9: =(K9-I9)/I9*100 -> -1.4285714 | K9: 3450 | L9: =AVERAGE(D9,F9,H9,J9) -> -3.8649674
B10: Total income | C10: =C8+C9 -> 46600 | D10: =(E10-C10)/C10*100 -> 3.4334764 | E10: =E8+E9 -> 48200 | F10: =(G10-E10)/E10*100 -> -10.580913 | G10: =G8+G9 -> 43100 | H10: =(I10-G10)/G10*100 -> -7.1925754 | I10: =I8+I9 -> 40000 | J10: =(K10-I10)/I10*100 -> -20 | K10: =K8+K9 -> 32000 | L10: =AVERAGE(D10,F10,H10,J10) -> -8.585003
B11: Finance costs | C11: 10000 | D11: =(E11-C11)/C11*100 -> 0 | E11: 10000 | F11: =(G11-E11)/E11*100 -> 0 | G11: 10000 | H11: =(I11-G11)/G11*100 -> 0 | I11: 10000 | J11: =(K11-I11)/I11*100 -> 50 | K11: 15000 | L11: =AVERAGE(D11,F11,H11,J11) -> 12.5
B12: Profit before taxation | C12: =C10-C11 -> 36600 | D12: =(E12-C12)/C12*100 -> 4.3715847 | E12: =E10-E11 -> 38200 | F12: =(G12-E12)/E12*100 -> -13.350785 | G12: =G10-G11 -> 33100 | H12: =(I12-G12)/G12*100 -> -9.3655589 | I12: =I10-I11 -> 30000 | J12: =(K12-I12)/I12*100 -> -43.333333 | K12: =K10-K11 -> 17000 | L12: =AVERAGE(D12,F12,H12,J12) -> -15.419523
B13: Taxation | C13: 6800 | D13: =(E13-C13)/C13*100 -> 5.8823529 | E13: 7200 | F13: =(G13-E13)/E13*100 -> -9.7222222 | G13: 6500 | H13: =(I13-G13)/G13*100 -> -7.6923077 | I13: 6000 | J13: =(K13-I13)/I13*100 -> -16.666667 | K13: 5000 | L13: =AVERAGE(D13,F13,H13,J13) -> -7.0497109
B14: Profit for year distributable to shareholders | C14: =C12-C13 -> 29800 | D14: =(E14-C14)/C14*100 -> 4.0268456 | E14: =E12-E13 -> 31000 | F14: =(G14-E14)/E14*100 -> -14.193548 | G14: =G12-G13 -> 26600 | H14: =(I14-G14)/G14*100 -> -9.7744361 | I14: =I12-I13 -> 24000 | J14: =(K14-I14)/I14*100 -> -50 | K14: =K12-K13 -> 12000 | L14: =AVERAGE(D14,F14,H14,J14) -> -17.485285
B15: Dividends | C15: 9000 | D15: =(E15-C15)/C15*100 -> 11.111111 | E15: 10000 | F15: =(G15-E15)/E15*100 -> -20 | G15: 8000 | H15: =(I15-G15)/G15*100 -> 50 | I15: 12000 | J15: =(K15-I15)/I15*100 -> -100 | K15: 0 | L15: =AVERAGE(D15,F15,H15,J15) -> -14.722222
B16: Retained profit to reserves | C16: =C14-C15 -> 20800 | D16: =(E16-C16)/C16*100 -> 0.96153846 | E16: =E14-E15 -> 21000 | F16: =(G16-E16)/E16*100 -> -11.428571 | G16: =G14-G15 -> 18600 | H16: =(I16-G16)/G16*100 -> -35.483871 | I16: =I14-I15 -> 12000 | J16: =(K16-I16)/I16*100 -> 0 | K16: =K14-K15 -> 12000 | L16: =AVERAGE(D16,F16,H16,J16) -> -11.487726
B18: Other information:
B19: Average share price for the year | C19: 143 | E19: 141 | G19: 140 | I19: 144 | K19: 162

Sheet SOFP 
B3: Northern Travel plc 5-years statements of financial position 2018-2022
D4: 2018 | E4: 2019 | F4: 2020 | G4: 2021 | H4: 2022
C5: Non-current assets at carrying value | D5: 511500 | E5: 523900 | F5: 525200 | G5: 528500 | H5: 612727
C6: Current assets:
C7: Cash | D7: 18600 | E7: 18100 | F7: 23000 | G7: 27000 | H7: 3000
C8: Trade receivables | D8: 17400 | E8: 16800 | F8: 18300 | G8: 20000 | H8: 25000
C9: Inventory | D9: 16800 | E9: 16100 | F9: 17100 | G9: 18000 | H9: 32000
C10: Other
C11: Total assets | D11: =SUM(D5:D10) -> 564300 | E11: =SUM(E5:E10) -> 574900 | F11: =SUM(F5:F10) -> 583600 | G11: =SUM(G5:G10) -> 593500 | H11: =SUM(H5:H10) -> 672727
C13: Equity, capital, and reserves:
C14: Non-current borrowings | D14: 133100 | E14: 121000 | F14: 110000 | G14: 100000 | H14: 150000
C15: Ordinary shares | D15: 150000 | E15: 150000 | F15: 150000 | G15: 150000 | H15: 150000
C16: Share premium | D16: 115000 | E16: 115000 | F16: 115000 | G16: 115000 | H16: 115000
C17: Reserves:
C18: Accumulated profit | D18: =E18-'Income statement'!D17 -> 136600 | E18: =F18-'Income statement'!E17 -> 157400 | F18: =G18-'Income statement'!F17 -> 178400 | G18: =H18-'Income statement'!G17 -> 197000 | H18: 209000
C19: Revaluation reserve | D19: 0 | E19: 0 | F19: 0 | G19: 0 | H19: 8727
C20: Total equity | D20: =SUM(D15:D19) -> 401600 | E20: =SUM(E15:E19) -> 422400 | F20: =SUM(F15:F19) -> 443400 | G20: =SUM(G15:G19) -> 462000 | H20: =SUM(H15:H19) -> 482727
C21: Current liabilities:
C22: Trade payables | D22: 29600 | E22: 31500 | F22: 30200 | G22: 31500 | H22: 40000
D24: =D14+D20+D22 -> 564300 | E24: =E14+E20+E22 -> 574900 | F24: =F14+F20+F22 -> 583600 | G24: =G14+G20+G22 -> 593500 | H24: =H14+H20+H22 -> 672727
C26: Capital employed | D26: =D11-D22 -> 534700 | E26: =E11-E22 -> 543400 | F26: =F11-F22 -> 553400 | G26: =G11-G22 -> 562000 | H26: =H11-H22 -> 632727
C27: Total assets less current liabilities

Sheet SOFP with % change
A1: Northern Travel plc 5-years statements of financial position 2016-2020
C2: 2018 | D2: % change | E2: 2019 | F2: % change | G2: 2020 | H2: % change | I2: 2021 | J2: % change | K2: 2022
B3: Non-current assets at carrying value | C3: 511500 | D3: =(E3-C3)/C3*100 -> 2.4242424 | E3: 523900 | F3: =(G3-E3)/E3*100 -> 0.24813896 | G3: 525200 | H3: =(I3-G3)/G3*100 -> 0.62833206 | I3: 528500 | J3: =(K3-I3)/I3*100 -> 15.936991 | K3: 612727
B4: Current assets:
B5: Cash | C5: 18600 | D5: =(E5-C5)/C5*100 -> -2.688172 | E5: 18100 | F5: =(G5-E5)/E5*100 -> 27.071823 | G5: 23000 | H5: =(I5-G5)/G5*100 -> 17.391304 | I5: 27000 | J5: =(K5-I5)/I5*100 -> -88.888889 | K5: 3000
B6: Trade receivables | C6: 17400 | D6: =(E6-C6)/C6*100 -> -3.4482759 | E6: 16800 | F6: =(G6-E6)/E6*100 -> 8.9285714 | G6: 18300 | H6: =(I6-G6)/G6*100 -> 9.2896175 | I6: 20000 | J6: =(K6-I6)/I6*100 -> 25 | K6: 25000
B7: Inventory | C7: 16800 | D7: =(E7-C7)/C7*100 -> -4.1666667 | E7: 16100 | F7: =(G7-E7)/E7*100 -> 6.2111801 | G7: 17100 | H7: =(I7-G7)/G7*100 -> 5.2631579 | I7: 18000 | J7: =(K7-I7)/I7*100 -> 77.777778 | K7: 32000
B8: Other
B9: Total assets | C9: =SUM(C3:C8) -> 564300 | D9: =(E9-C9)/C9*100 -> 1.8784335 | E9: =SUM(E3:E8) -> 574900 | F9: =(G9-E9)/E9*100 -> 1.5133067 | G9: =SUM(G3:G8) -> 583600 | H9: =(I9-G9)/G9*100 -> 1.6963674 | I9: =SUM(I3:I8) -> 593500 | J9: =(K9-I9)/I9*100 -> 13.349115 | K9: =SUM(K3:K8) -> 672727
B11: Equity, capital, and reserves:
B12: Non-current borrowings | C12: 133100 | D12: =(E12-C12)/C12*100 -> -9.0909091 | E12: 121000 | F12: =(G12-E12)/E12*100 -> -9.0909091 | G12: 110000 | H12: =(I12-G12)/G12*100 -> -9.0909091 | I12: 100000 | J12: =(K12-I12)/I12*100 -> 50 | K12: 150000
B13: Ordinary shares | C13: 150000 | D13: =(E13-C13)/C13*100 -> 0 | E13: 150000 | F13: =(G13-E13)/E13*100 -> 0 | G13: 150000 | H13: =(I13-G13)/G13*100 -> 0 | I13: 150000 | J13: =(K13-I13)/I13*100 -> 0 | K13: 150000
B14: Share premium | C14: 115000 | D14: =(E14-C14)/C14*100 -> 0 | E14: 115000 | F14: =(G14-E14)/E14*100 -> 0 | G14: 115000 | H14: =(I14-G14)/G14*100 -> 0 | I14: 115000 | J14: =(K14-I14)/I14*100 -> 0 | K14: 115000
B15: Reserves:
B16: Accumulated profit | C16: 136600 | E16: 157400 | G16: 178400 | H16: =(I16-G16)/G16*100 -> 10.426009 | I16: 197000 | J16: =(K16-I16)/I16*100 -> 6.0913706 | K16: 209000
B17: Revaluation reserve | C17: 0 | E17: 0 | G17: 0 | I17: 0 | K17: 8727
B21: Current liabilities:
B22: Trade payables | C22: 29600 | D22: =(E22-C22)/C22*100 -> 6.4189189 | E22: 31500 | F22: =(G22-E22)/E22*100 -> -4.1269841 | G22: 30200 | H22: =(I22-G22)/G22*100 -> 4.3046358 | I22: 31500 | J22: =(K22-I22)/I22*100 -> 26.984127 | K22: 40000
C24: =SUM(C12:C23) -> 564300 | D24: =(E24-C24)/C24*100 -> 1.8784335 | E24: =SUM(E12:E23) -> 574900 | F24: =(G24-E24)/E24*100 -> 1.5133067 | G24: =SUM(G12:G23) -> 583600 | H24: =(I24-G24)/G24*100 -> 1.6963674 | I24: =SUM(I12:I23) -> 593500 | J24: =(K24-I24)/I24*100 -> 13.349115 | K24: =SUM(K12:K23) -> 672727

Sheet Ratios with % change
A1: Northern Travel plc 5-years ratios 2016-2020
B3: Ratios | C3: Units | D3: 2018 | E3: % change | F3: 2019 | G3: % change | H3: 2020 | I3: % change | J3: 2021 | K3: % change | L3: 2022 | M3: Mean | N3: Mean % change
B5: Profitability:
B6: ROCE | C6: Percent | D6: ='Income statement'!D9/'SOFP '!D26*100 -> 7.9296802 | E6: =(F6-D6)/D6*100 -> 4.4328685 | F6: ='Income statement'!E9/'SOFP '!E26*100 -> 8.2811925 | G6: =(H6-F6)/F6*100 -> -12.717343 | H6: ='Income statement'!F9/'SOFP '!F26*100 -> 7.2280448 | I6: =(J6-H6)/H6*100 -> -10.146352 | J6: ='Income statement'!G9/'SOFP '!G26*100 -> 6.4946619 | K6: =(L6-J6)/J6*100 -> -30.524258 | L6: ='Income statement'!H9/'SOFP '!H26*100 -> 4.5122146 | M6: =AVERAGE(D6,F6,H6,J6,L6) -> 6.8891588 | N6: =AVERAGE(E6,G6,I6,K6) -> -12.238771
B7: Gross profit margin | C7: Percent | D7: ='Income statement'!D7/'Income statement'!D5*100 -> 34 | E7: =(F7-D7)/D7*100 -> 2.9411765 | F7: ='Income statement'!E7/'Income statement'!E5*100 -> 35 | G7: =(H7-F7)/F7*100 -> -6.7055394 | H7: ='Income statement'!F7/'Income statement'!F5*100 -> 32.653061 | I7: =(J7-H7)/H7*100 -> -8.125 | J7: ='Income statement'!G7/'Income statement'!G5*100 -> 30 | K7: =(L7-J7)/J7*100 -> 6.6666667 | L7: ='Income statement'!H7/'Income statement'!H5*100 -> 32 | M7: =AVERAGE(D7,F7,H7,J7,L7) -> 32.730612 | N7: =AVERAGE(E7,G7,I7,K7) -> -1.3056741
B8: Net profit margin | C8: Percent | D8: ='Income statement'!D9/'Income statement'!D5*100 -> 18.042553 | E8: =(F8-D8)/D8*100 -> 3.9209906 | F8: ='Income statement'!E9/'Income statement'!E5*100 -> 18.75 | G8: =(H8-F8)/F8*100 -> -12.92517 | H8: ='Income statement'!F9/'Income statement'!F5*100 -> 16.326531 | I8: =(J8-H8)/H8*100 -> -10.575 | J8: ='Income statement'!G9/'Income statement'!G5*100 -> 14.6 | K8: =(L8-J8)/J8*100 -> -34.817352 | L8: ='Income statement'!H9/'Income statement'!H5*100 -> 9.5166667 | M8: =AVERAGE(D8,F8,H8,J8,L8) -> 15.44715 | N8: =AVERAGE(E8,G8,I8,K8) -> -13.599133
B10: Efficiency:
B11: Non-current asset turnover | C11: £s | D11: ='Income statement'!D5/'SOFP '!D5 -> 0.45943304 | E11: =(F11-D11)/D11*100 -> -0.28956314 | F11: ='Income statement'!E5/'SOFP '!E5 -> 0.45810269 | G11: =(H11-F11)/F11*100 -> 1.8306518 | H11: ='Income statement'!F5/'SOFP '!F5 -> 0.46648896 | I11: =(J11-H11)/H11*100 -> 1.4036646 | J11: ='Income statement'!G5/'SOFP '!G5 -> 0.4730369 | K11: =(L11-J11)/J11*100 -> 3.5044971 | L11: ='Income statement'!H5/'SOFP '!H5 -> 0.48961446 | M11: =AVERAGE(D11,F11,H11,J11,L11) -> 0.46933521 | N11: =AVERAGE(E11,G11,I11,K11) -> 1.6123126
B12: Inventory days | C12: Days | D12: ='SOFP '!D9/'Income statement'!D6*365 -> 39.535783 | E12: =(F12-D12)/D12*100 -> -4.7195513 | F12: ='SOFP '!E9/'Income statement'!E6*365 -> 37.669872 | G12: =(H12-F12)/F12*100 -> 0.41784303 | H12: ='SOFP '!F9/'Income statement'!F6*365 -> 37.827273 | I12: =(J12-H12)/H12*100 -> -0.7518797 | J12: ='SOFP '!G9/'Income statement'!G6*365 -> 37.542857 | K12: =(L12-J12)/J12*100 -> 52.505447 | L12: ='SOFP '!H9/'Income statement'!H6*365 -> 57.254902 | M12: =AVERAGE(D12,F12,H12,J12,L12) -> 41.966137 | N12: =AVERAGE(E12,G12,I12,K12) -> 11.862965
B13: Receivables days | C13: Days | D13: ='SOFP '!D8/('Income statement'!D5*0.8)*365 -> 33.781915 | E13: =(F13-D13)/D13*100 -> -5.4597701 | F13: ='SOFP '!E8/('Income statement'!E5*0.8)*365 -> 31.9375 | G13: =(H13-F13)/F13*100 -> 6.7055394 | H13: ='SOFP '!F8/('Income statement'!F5*0.8)*365 -> 34.079082 | I13: =(J13-H13)/H13*100 -> 7.1038251 | J13: ='SOFP '!G8/('Income statement'!G5*0.8)*365 -> 36.5 | K13: =(L13-J13)/J13*100 -> 4.1666667 | L13: ='SOFP '!H8/('Income statement'!H5*0.8)*365 -> 38.020833 | M13: =AVERAGE(D13,F13,H13,J13,L13) -> 34.863866 | N13: =AVERAGE(E13,G13,I13,K13) -> 3.1290653
B14: Payables days | C14: Days | D14: ='SOFP '!D22/'Income statement'!D6*365 -> 69.658285 | E14: =(F14-D14)/D14*100 -> 5.8049636 | F14: ='SOFP '!E22/'Income statement'!E6*365 -> 73.701923 | G14: =(H14-F14)/F14*100 -> -9.3564214 | H14: ='SOFP '!F22/'Income statement'!F6*365 -> 66.806061 | I14: =(J14-H14)/H14*100 -> -1.6556291 | J14: ='SOFP '!G22/'Income statement'!G6*365 -> 65.7 | K14: =(L14-J14)/J14*100 -> 8.9324619 | L14: ='SOFP '!H22/'Income statement'!H6*365 -> 71.568627 | M14: =AVERAGE(D14,F14,H14,J14,L14) -> 69.486979 | N14: =AVERAGE(E14,G14,I14,K14) -> 0.93134375
B15: Working capital holding days | C15: Days
B17: Liquidity:
B18: Current ratio | C18: Times | D18: =SUM('SOFP '!D7:D9)/'SOFP '!D22 -> 1.7837838 | E18: =(F18-D18)/D18*100 -> -9.2352092 | F18: =SUM('SOFP '!E7:E9)/'SOFP '!E22 -> 1.6190476 | G18: =(H18-F18)/F18*100 -> 19.439034 | H18: =SUM('SOFP '!F7:F9)/'SOFP '!F22 -> 1.9337748 | I18: =(J18-H18)/H18*100 -> 6.70798 | J18: =SUM('SOFP '!G7:G9)/'SOFP '!G22 -> 2.0634921 | K18: =(L18-J18)/J18*100 -> -27.307692 | L18: =SUM('SOFP '!H7:H9)/'SOFP '!H22 -> 1.5 | M18: =AVERAGE(D18,F18,H18,J18,L18) -> 1.7800197 | N18: =AVERAGE(E18,G18,I18,K18) -> -2.5989719
B19: Acid test | C19: Times | D19: =(SUM('SOFP '!D7:D8)/'SOFP '!D22) -> 1.2162162 | E19: =(F19-D19)/D19*100 -> -8.9029982 | F19: =(SUM('SOFP '!E7:E8)/'SOFP '!E22) -> 1.1079365 | G19: =(H19-F19)/F19*100 -> 23.432133 | H19: =(SUM('SOFP '!F7:F8)/'SOFP '!F22) -> 1.3675497 | I19: =(J19-H19)/H19*100 -> 9.1048849 | J19: =(SUM('SOFP '!G7:G8)/'SOFP '!G22) -> 1.4920635 | K19: =(L19-J19)/J19*100 -> -53.085106 | L19: =(SUM('SOFP '!H7:H8)/'SOFP '!H22) -> 0.7 | M19: =AVERAGE(D19,F19,H19,J19,L19) -> 1.1767532 | N19: =AVERAGE(E19,G19,I19,K19) -> -7.3627716
B20: Cash ratio | C20: Percent | D20: ='SOFP '!D7/'SOFP '!D22*100 -> 62.837838 | E20: =(F20-D20)/D20*100 -> -8.5577744 | F20: ='SOFP '!E7/'SOFP '!E22*100 -> 57.460317 | G20: =(H20-F20)/F20*100 -> 32.541802 | H20: ='SOFP '!F7/'SOFP '!F22*100 -> 76.15894 | I20: =(J20-H20)/H20*100 -> 12.546584 | J20: ='SOFP '!G7/'SOFP '!G22*100 -> 85.714286 | K20: =(L20-J20)/J20*100 -> -91.25 | L20: ='SOFP '!H7/'SOFP '!H22*100 -> 7.5 | M20: =AVERAGE(D20,F20,H20,J20,L20) -> 57.934276 | N20: =AVERAGE(E20,G20,I20,K20) -> -13.679847
B22: Gearing:
B23: Debt to equity | C23: Percent | D23: ='SOFP '!D14/'SOFP '!D20*100 -> 33.14243 | E23: =(F23-D23)/D23*100 -> -13.567493 | F23: ='SOFP '!E14/'SOFP '!E20*100 -> 28.645833 | G23: =(H23-F23)/F23*100 -> -13.396482 | H23: ='SOFP '!F14/'SOFP '!F20*100 -> 24.8083 | I23: =(J23-H23)/H23*100 -> -12.750885 | J23: ='SOFP '!G14/'SOFP '!G20*100 -> 21.645022 | K23: =(L23-J23)/J23*100 -> 43.559403 | L23: ='SOFP '!H14/'SOFP '!H20*100 -> 31.073464 | M23: =AVERAGE(D23,F23,H23,J23,L23) -> 27.86301 | N23: =AVERAGE(E23,G23,I23,K23) -> 0.9611357
B24: Debt to capital | C24: Percent | D24: ='SOFP '!D14/'SOFP '!D26*100 -> 24.892463 | E24: =(F24-D24)/D24*100 -> -10.546391 | F24: ='SOFP '!E14/'SOFP '!E26*100 -> 22.267206 | G24: =(H24-F24)/F24*100 -> -10.733647 | H24: ='SOFP '!F14/'SOFP '!F26*100 -> 19.877123 | I24: =(J24-H24)/H24*100 -> -10.482045 | J24: ='SOFP '!G14/'SOFP '!G26*100 -> 17.793594 | K24: =(L24-J24)/J24*100 -> 33.232816 | L24: ='SOFP '!H14/'SOFP '!H26*100 -> 23.706907 | M24: =AVERAGE(D24,F24,H24,J24,L24) -> 21.707459 | N24: =AVERAGE(E24,G24,I24,K24) -> 0.36768336
B25: Interest cover | C25: Times | D25: =('Income statement'!D13+'Income statement'!D12)/'Income statement'!D12 -> 4.66 | E25: =(F25-D25)/D25*100 -> 3.4334764 | F25: =('Income statement'!E13+'Income statement'!E12)/'Income statement'!E12 -> 4.82 | G25: =(H25-F25)/F25*100 -> -10.580913 | H25: =('Income statement'!F13+'Income statement'!F12)/'Income statement'!F12 -> 4.31 | I25: =(J25-H25)/H25*100 -> -7.1925754 | J25: =('Income statement'!G13+'Income statement'!G12)/'Income statement'!G12 -> 4 | K25: =(L25-J25)/J25*100 -> -46.666667 | L25: =('Income statement'!H13+'Income statement'!H12)/'Income statement'!H12 -> 2.1333333 | M25: =AVERAGE(D25,F25,H25,J25,L25) -> 3.9846667 | N25: =AVERAGE(E25,G25,I25,K25) -> -15.25167
B27: Investment:
B28: Earnings per share (EPS) | C28: £s | D28: ='Income statement'!D15/'Ratios with % change'!D33 -> 0.19866667 | E28: =(F28-D28)/D28*100 -> 4.0268456 | F28: ='Income statement'!E15/'Ratios with % change'!F33 -> 0.20666667 | G28: =(H28-F28)/F28*100 -> -14.193548 | H28: ='Income statement'!F15/'Ratios with % change'!H33 -> 0.17733333 | I28: =(J28-H28)/H28*100 -> -9.7744361 | J28: ='Income statement'!G15/'Ratios with % change'!J33 -> 0.16 | K28: =(L28-J28)/J28*100 -> -50 | L28: ='Income statement'!H15/'Ratios with % change'!L33 -> 0.08 | M28: =AVERAGE(D28,F28,H28,J28,L28) -> 0.16453333 | N28: =AVERAGE(E28,G28,I28,K28) -> -17.485285
B29: Price/Earnings ratio (P/E) | C29: Times | D29: ='Income statement'!D20/'Ratios with % change'!D28 -> 719.79866 | E29: =(F29-D29)/D29*100 -> -5.2154297 | F29: ='Income statement'!E20/'Ratios with % change'!F28 -> 682.25806 | G29: =(H29-F29)/F29*100 -> 15.714819 | H29: ='Income statement'!F20/'Ratios with % change'!H28 -> 789.47368 | I29: =(J29-H29)/H29*100 -> 14 | J29: ='Income statement'!G20/'Ratios with % change'!J28 -> 900 | K29: =(L29-J29)/J29*100 -> 125 | L29: ='Income statement'!H20/'Ratios with % change'!L28 -> 2025 | M29: =AVERAGE(D29,F29,H29,J29,L29) -> 1023.3061 | N29: =AVERAGE(E29,G29,I29,K29) -> 37.374847
B30: Divdends per share (DPS) | C30: £s | D30: ='Income statement'!D16/'Ratios with % change'!F33 -> 0.06 | E30: =(F30-D30)/D30*100 -> 11.111111 | F30: ='Income statement'!E16/'Ratios with % change'!H33 -> 0.066666667 | G30: =(H30-F30)/F30*100 -> -20 | H30: ='Income statement'!F16/'Ratios with % change'!J33 -> 0.053333333 | I30: =(J30-H30)/H30*100 -> 50 | J30: ='Income statement'!G16/'Ratios with % change'!L33 -> 0.08 | K30: =(L30-J30)/J30*100 -> -100 | L30: 0 | M30: =AVERAGE(D30,F30,H30,J30,L30) -> 0.052 | N30: =AVERAGE(E30,G30,I30,K30) -> -14.722222
B31: Dividend payout ratio | C31: Percent | D31: ='Income statement'!D16/'Income statement'!D15*100 -> 30.201342 | E31: =(F31-D31)/D31*100 -> 6.8100358 | F31: ='Income statement'!E16/'Income statement'!E15*100 -> 32.258065 | G31: =(H31-F31)/F31*100 -> -6.7669173 | H31: ='Income statement'!F16/'Income statement'!F15*100 -> 30.075188 | I31: =(J31-H31)/H31*100 -> 66.25 | J31: ='Income statement'!G16/'Income statement'!G15*100 -> 50 | K31: =(L31-J31)/J31*100 -> -100 | L31: 0 | M31: =AVERAGE(D31,F31,H31,J31,L31) -> 28.506919 | N31: =AVERAGE(E31,G31,I31,K31) -> -8.4267204
B33: Number of ordinary shares | D33: 150000 | F33: 150000 | H33: 150000 | J33: 150000 | L33: 150000
